 Dungeon Crawl Stone Soup version 0.24-a0-230-g536ed4e (webtiles) character file.

Game seed: 974990189009667270

3898 xeno23 the Covert (level 10, -4/66 HPs)
             Began as an Octopode Assassin on Apr 2, 2019.
             Was a Believer of Uskayaw.
             Slain by a wight
             ... wielding a +4 hand axe of electrocution
              (17 damage)
             ... on level 8 of the Dungeon.
             The game lasted 00:23:11 (5910 turns).

xeno23 the Covert (Octopode Assassin)               Turns: 5910, Time: 00:23:11

Health: -4/66      AC:  1    Str: 11    XL:     10   Next: 20%
Magic:  21/21      EV: 16    Int: 18    God:    Uskayaw [**....]
Gold:   329        SH:  8    Dex: 17    Spells: 8/9 levels left

rFire    . . .     SeeInvis .   d - +2 short sword (venom)
rCold    . . .     Gourm    .   z - +3 buckler
rNeg     + . .     Faith    .   (helmet restricted)
rPois    .         Spirit   .   K - amulet of magic regeneration
rElec    .         Reflect  .   m - +5 ring of intelligence
rCorr    .         Harm     .   b - ring of wizardry
MR       .....                  t - ring of magical power
Stlth    ++++++....             D - ring of positive energy
HPRegen  0.21/turn              (no ring)
MPRegen  0.42/turn              (no ring)
                                (no ring)
                                (no ring)

@: marked, lightly drained
A: almost no armour, stealthy swim, amphibious, 8 rings, constrict 8, camouflage
1, gelatinous body 1
a: Stomp, Line Pass, Renounce Religion


You were on level 8 of the Dungeon.
You worshipped Uskayaw.
Uskayaw was noncommittal.
You were not hungry.

You visited 2 branches of the dungeon, and saw 9 of its levels.

You collected 329 gold pieces.

Inventory:

Hand Weapons
 a - a +1 short sword of draining
 d - a +2 short sword of venom (weapon)
 s - a +0 blowgun
 A - a +2 dagger of freezing
Missiles
 c - 45 poisoned needles
 q - 2 curare-tipped needles
Armour
 z - a +3 buckler (worn)
Jewellery
 b - a ring of wizardry (right tentacle)
 m - a +5 ring of intelligence (left tentacle)
 t - a ring of magical power (on tentacle)
 x - a +3 amulet of reflection
 D - a ring of positive energy (on tentacle)
 E - an uncursed amulet of rage
 K - an amulet of magic regeneration (around mantle)
Wands
 w - a wand of scattershot (2)
 y - a wand of random effects (14)
 I - a wand of polymorph (8)
Scrolls
 h - 3 scrolls of remove curse {unknown}
 i - 9 scrolls of identify {unknown}
 j - 3 scrolls of magic mapping {unknown}
 k - 2 scrolls of noise {unknown}
 p - a scroll of blinking {unknown}
 u - 3 scrolls of enchant armour
 C - 2 scrolls of fog {unknown}
 H - a scroll of amnesia {unknown}
Potions
 e - a potion of haste {unknown}
 g - a potion of ambrosia {unknown}
 l - 4 potions of flight {unknown}
 n - a potion of agility {unknown}
 o - 7 potions of curing {unknown}
 r - 2 potions of degeneration {unknown}
 v - 3 potions of heal wounds {unknown}
 B - a potion of mutation {unknown}
 F - a potion of lignification {unknown}
 G - a potion of invisibility {unknown}
Comestibles
 f - 12 rations
 J - 5 chunks of flesh


   Skills:
 + Level 5.1(5.0) Fighting
 * Level 6.6(6.4) Short Blades
 + Level 5.2(5.1) Throwing
 + Level 4.8(4.7) Dodging
 * Level 10.3(10.1) Stealth
 - Level 4.0(3.8) Shields
 * Level 4.7(4.6) Hexes
 + Level 3.8(3.7) Evocations


You had 8 spell levels left.
You knew the following spells:

 Your Spells              Type           Power        Failure   Level  Hunger
a - Confusing Touch       Hex            ###...       1%          1    ##.....

Your spell library contained the following spells:

 Spells                   Type           Power        Failure   Level  Hunger
 Animate Skeleton         Necr           N/A          9%          1    ##.....
 Apportation              Tloc           #.....       9%          1    ##.....
 Summon Small Mammal      Summ           #...         9%          1    ##.....


Dungeon Overview and Level Annotations

Branches:
Dungeon (8/15)             Temple (1/1) D:5
   Lair: D:8-11

Altars:
Ashenzari
Cheibriados
Dithmenos
Elyvilon
Fedhas
Gozag
Hepliaklqana
Kikubaaqudgha
Makhleb
Nemelex Xobeh
Okawaru
Qazlal
Ru
Sif Muna
Trog
Uskayaw
Vehumet
Wu Jian
Xom
Yredelemnul
Zin
The Shining One

Annotations:
D:6 exclusion: oklob plant


Innate Abilities, Weirdness & Mutations

You cannot wear most types of armour.
You are very stealthy in the water. (Stealth+)
You are amphibious.
You can wear up to eight rings at the same time.
You can use your tentacles to constrict eight enemies at once.
Your skin changes colour to match your surroundings (Stealth+).
Your rubbery body absorbs attacks. (AC +1, EV +1)


Message History

The wight is almost destroyed.
You constrict the wight.
You destroy the wight!
As you read the scroll labeled SUSEOX CARAQ, it crumbles to dust.
It is a scroll of enchant armour.
Your +2 buckler glows green for a moment.
You block the wight's attack.
The howler monkey hoots and howls with incredible vigour!
Okay, then.
Unknown command.
Evoke which item? (* to show all) (? for menu, Esc to quit)
Aiming: Scattershot
Press: ? - help, Shift-Dir - straight line, f - ogre
Aim: an ogre, wielding a +0 giant club The burst of metal fragments hits the ogre! x3
You kill the ogre!
The wight hits you with a +4 hand axe of electrocution!
* * * LOW HITPOINT WARNING * * *
You are electrocuted!
You die...

#.........#
##...#
#.###.#####
###.# #.#
..#
#.######
#.##
#......# #.
######.#
####.#
#.).##
#@### #z#
#s# #z# #z#
#.# #h# #F#


You could see a bullfrog, a howler monkey, 3 wights and a giant cockroach.

Vanquished Creatures
  A hippogriff (D:7)
  3 yaks (D:6)
  Sigmund (D:2)
  Eustachio (D:5)
  Duvessa (D:4)
  An eye of draining (D:8)
  2 ogres
  An orc warrior (D:8)
  3 black bears
  2 ice beasts
  A centaur (D:8)
  Blork the orc (D:5)
  4 bullfrogs
  Dowan (D:4)
  2 scorpions
  4 killer bees (D:8)
  2 wights (D:8)
  2 crimson imps
  A howler monkey (D:5)
  A quasit (D:7)
  A bullfrog skeleton (D:4)
  3 jellies (D:6)
  3 orc priests
  2 hounds
  6 orc wizards
  Crazy Yiuf (D:2)
  Jessica (D:2)
  Ijyb (D:3)
  Natasha (twice) (D:3)
  3 iguanas
  3 worker ants
  A killer bee zombie (D:7)
  2 hound zombies
  A hound skeleton (D:5)
  A howler monkey zombie (D:6)
  A worker ant zombie (D:6)
  10 adders
  5 gnolls
  2 shadow imps
  10 oozes
  An adder zombie (D:7)
  A worm (D:3)
  3 dart slugs
  A leopard gecko (D:7)
  27 orcs
  6 giant cockroaches
  17 hobgoblins
  16 jackals
  3 quokkas
  A ball python (D:2)
  9 bats
  9 frilled lizards
  15 goblins
  A jackal skeleton (D:6)
  14 kobolds
  A leopard gecko skeleton (D:4)
  A leopard gecko zombie (D:7)
  10 rats
  A fungus (D:2)
231 creatures vanquished.

Vanquished Creatures (others)
  8 fungi (D:6)
8 creatures vanquished.

Grand Total: 239 creatures vanquished

Notes
Turn   | Place    | Note
-------+----------+-------------------------------------------
     0 | D:1      | xeno23 the Octopode Assassin began the quest for the Orb.
     0 | D:1      | Reached XP level 1. HP: 14/14 MP: 1/1
    91 | D:1      | Reached XP level 2. HP: 17/19 MP: 2/2
   260 | D:1      | You fall through a shaft!
   265 | D:2      | Reached XP level 3. HP: 24/24 MP: 3/3
   270 | D:2      | Noticed Jessica
   274 | D:2      | Killed Jessica
   291 | D:2      | Noticed Sigmund
   413 | D:1      | Reached XP level 4. HP: 29/30 MP: 4/4
   901 | D:2      | Learned a level 1 spell: Confusing Touch
   960 | D:2      | Reached skill level 6 in Stealth
   989 | D:2      | Reached XP level 5. HP: 31/36 MP: 5/5
  1084 | D:2      | Killed Sigmund
  1084 | D:2      | Reached XP level 6. HP: 42/42 MP: 6/6
  1288 | D:2      | Found a runed translucent door.
  1289 | D:2      | Noticed Crazy Yiuf
  1303 | D:2      | Killed Crazy Yiuf
  1567 | D:3      | Found a sacrificial altar of Ru.
  1635 | D:3      | Found a radiant altar of Vehumet.
  1650 | D:3      | Noticed Ijyb
  1651 | D:3      | Noticed Natasha
  1658 | D:3      | Killed Ijyb
  1662 | D:3      | Killed Natasha
  1741 | D:3      | Noticed Natasha
  1789 | D:3      | Killed Natasha
  1789 | D:3      | Reached skill level 7 in Stealth
  1789 | D:3      | Reached XP level 7. HP: 38/46 MP: 7/7
  2268 | D:4      | Noticed Duvessa
  2268 | D:4      | Noticed Dowan
  2272 | D:4      | Killed Duvessa
  2272 | D:4      | Reached skill level 1 in Shields
  2276 | D:4      | Killed Dowan
  2276 | D:4      | Reached skill level 1 in Evocations
  2322 | D:4      | Found a stormy altar of Qazlal.
  2658 | D:5      | Entered Level 5 of the Dungeon
  2727 | D:5      | Noticed Blork the orc
  2737 | D:5      | Killed Blork the orc
  2798 | D:5      | Noticed Eustachio
  2801 | D:5      | Reached skill level 1 in Hexes
  2812 | D:5      | Killed Eustachio
  2812 | D:5      | Reached XP level 8. HP: 44/54 MP: 9/9
  2841 | D:5      | Found a shattered altar of Ashenzari.
  2898 | D:5      | Reached skill level 8 in Stealth
  2978 | D:5      | Found a staircase to the Ecumenical Temple.
  3012 | Temple   | Entered the Ecumenical Temple
  3195 | Temple   | Became a worshipper of Uskayaw the Reveler
  3236 | D:5      | Found a sparkling altar of Nemelex Xobeh.
  3239 | D:5      | Reached * piety under Uskayaw
  3253 | D:5      | Reached ** piety under Uskayaw
  3259 | D:5      | Reached *** piety under Uskayaw
  3382 | D:6      | Reached **** piety under Uskayaw
  3444 | D:6      | Reached skill level 5 in Short Blades
  3474 | D:6      | Noticed an oklob plant
  3505 | D:6      | Reached XP level 9. HP: 21/58 MP: 10/10
  3955 | D:6      | Found a shadowy altar of Dithmenos.
  4010 | D:6      | Reached skill level 9 in Stealth
  5538 | D:8      | Reached skill level 5 in Throwing
  5711 | D:8      | Reached skill level 5 in Fighting
  5711 | D:8      | Reached skill level 10 in Stealth
  5711 | D:8      | Reached XP level 10. HP: 38/66 MP: 12/12
  5719 | D:8      | Found a white marble altar of Elyvilon.
  5719 | D:8      | Found a blossoming altar of Fedhas.
  5910 | D:8      | Slain by a wight

Levels and vault maps discovered:
D:1:      matt_arrival_grand_opening, layout_basic, minmay_domino_4
D:2:      layout_rooms, minmay_misc_feat_doors, grunt_ministairs_1,
          uniq_crazy_yiuf_cottage, uniq_sigmund, uniq_jessica
D:3:      layout_basic, lemuel_crystal_altar, fiery_altar_vehumet, serial_bayou,
          serial_bayou_pond_b, serial_bayou_shore_b, serial_bayou_pond_e,
          serial_bayou_ford_a, first_ration, uniq_natasha, uniq_ijyb
D:4:      layout_loops_ring, kennysheep_mini, grunt_decor_resistance,
          uniq_duvessa
D:5:      layout_rooms, old_standard_altar, minmay_temple_entry_waves,
          evilmike_ruin_ashenzari, uniq_eustachio, uniq_blork_the_orc
D:6:      lemuel_slime, layout_basic, grunt_dithmenos_smoke_and_mirrors
D:7:      corexii_shantytown, layout_basic
D:8:      layout_loops_ring, gammafunk_temple_overflow_elements, the_bakery
Temple:   regret_index_temple_sphere_string

Skill      XL: |  1  2  3  4  5  6  7  8  9 |
---------------+----------------------------+-----
Dodging        | 2 3 4 |  4.8
Stealth        | 6 7 8 10 | 10.3
Fighting       | 3 4 5 |  5.1
Short Blades   | 3 4 5 6 |  6.6
Throwing       | 3 4 5 |  5.2
Shields        | 2 3 4 |  4.0
Evocations     | 1 2 3 |  3.8
Hexes          | 1 2 4 |  4.7

Action                   |  1- 3 |  4- 6 |  7- 9 | 10-12 || total
-------------------------+-------+-------+-------+-------++-------
Melee: Dagger            |    38 |    94 |       |       ||   132
       Constrict         |     8 |    36 |    54 |     5 ||   103
       Tentacles         |     6 |    18 |    59 |     8 ||    91
       Short sword       |       |    38 |   269 |    39 ||   346
 Fire: Blowgun           |       |     4 |    10 |       ||    14
 Cast: Confusing Touch   |       |       |     4 |       ||     4
 Abil: Evoke Berserk Rag |       |       |     1 |       ||     1
Evoke: Wand              |       |       |       |     1 ||     1
  Use: Scroll            |       |       |       |     1 ||     1
 Stab: Sleeping          |    14 |    20 |    36 |     5 ||    75
       Confused          |       |       |     2 |       ||     2
       Paralysed         |       |       |     5 |       ||     5
  Eat: Chunk             |       |     3 |    13 |     1 ||    17
Armor: Skin              |     5 |     5 |     9 |       ||    19
Dodge: Dodged            |    13 |    58 |    78 |    12 ||   161
Block: Buckler           |       |       |    87 |     9 ||    96
       Reflection        |       |       |     1 |       ||     1

Table legend:
 A = Non-vault XP
 B = Vault XP
 C = Vault XP percentage of total XP
 D = Non-vault monster count
 E = Vault monster count
 F = Vault count percentage of total count
                 A         B        C        D         E       F
            +---------+---------+-------+---------+---------+-------
      Total |    4393 |    1176 |  21.1 |     177 |      53 |  23.0
            +---------+---------+-------+---------+---------+-------
        D:1 |      69 |       0 |   0.0 |      35 |       0 |   0.0
        D:2 |      52 |     293 |  84.9 |      23 |       5 |  17.9
        D:3 |     138 |      76 |  35.5 |      24 |       5 |  17.2
        D:4 |      51 |     228 |  81.7 |       5 |       2 |  28.6
        D:5 |     493 |     292 |  37.2 |      16 |       2 |  11.1
        D:6 |    1300 |     186 |  12.5 |      21 |      12 |  36.4
        D:7 |     867 |     101 |  10.4 |      23 |      27 |  54.0
        D:8 |    1423 |       0 |   0.0 |      30 |       0 |   0.0
            +---------+---------+-------+---------+---------+-------
